[ AOE2 MATCH · #483608055 ]
UnrankedGoths vs Portuguese
[ REPLAY ANALYSIS · EXTRACTED FROM THE RECORDED GAME ]
Feudal
13:07
Castle
18:53
Imperial
34:08
| APM avg | 18.4 |
| APM peak | 55 |
| eAPM avg | 11.3 |
| Villagers / military | 109 / 500 |
Focus
⚔️ 34.2% · 🌾 65.8%
Huskarl ×413 · Spearman ×74 · Trade Cart ×17 · Trebuchet (Packed) ×9 · Monk ×4
Feudal
—
Castle
—
Imperial
—
| APM avg | 18.5 |
| APM peak | 59 |
| eAPM avg | 14.3 |
| Villagers / military | 77 / 436 |
Focus
⚔️ 40.6% · 🌾 59.4%
Hand Cannoneer ×227 · Skirmisher ×80 · Spearman ×53 · Organ Gun ×37 · Bombard Cannon ×21 · Mangonel ×13
Feudal
11:26
Castle
23:58
Imperial
41:04
| APM avg | 14.1 |
| APM peak | 28 |
| eAPM avg | 10.2 |
| Villagers / military | 160 / 248 |
Focus
⚔️ 33.4% · 🌾 66.6%
Militia ×149 · Longbowman ×79 · Trade Cart ×28 · Fishing Ship ×14 · Spearman ×10 · Monk ×4
Feudal
13:18
Castle
17:14
Imperial
31:27
| APM avg | 27.9 |
| APM peak | 46 |
| eAPM avg | 21.4 |
| Villagers / military | 206 / 649 |
Focus
⚔️ 26.9% · 🌾 73.1%
Spearman ×562 · Mangonel ×75 · Trebuchet (Packed) ×10 · Monk ×2
Feudal
13:55
Castle
20:10
Imperial
34:30
| APM avg | 15.3 |
| APM peak | 74 |
| eAPM avg | 9.9 |
| Villagers / military | 73 / 113 |
Focus
⚔️ 20.1% · 🌾 79.9%
Knight ×107 · Fishing Ship ×5 · Demolition Raft ×2 · Trebuchet (Packed) ×2 · Monk ×1 · Bombard Cannon ×1
Feudal
12:56
Castle
20:43
Imperial
35:31
| APM avg | 26.9 |
| APM peak | 85 |
| eAPM avg | 15.4 |
| Villagers / military | 104 / 329 |
Focus
⚔️ 24.0% · 🌾 76.0%
Ballista Elephant ×328 · Trade Cart ×15 · Monk ×1
Feudal
10:26
Castle
18:53
Imperial
32:24
| APM avg | 15.1 |
| APM peak | 39 |
| eAPM avg | 11.4 |
| Villagers / military | 104 / 353 |
Focus
⚔️ 33.8% · 🌾 66.2%
Janissary ×185 · Hand Cannoneer ×50 · Scout Cavalry ×49 · Cavalry Archer ×23 · Skirmisher ×20 · Camel Scout ×12
Feudal
14:32
Castle
18:25
Imperial
37:47
| APM avg | 31.1 |
| APM peak | 106 |
| eAPM avg | 14.8 |
| Villagers / military | 133 / 440 |
Focus
⚔️ 28.0% · 🌾 72.0%
Janissary ×268 · Scout Cavalry ×134 · Trade Cart ×33 · Bombard Cannon ×28 · Trebuchet (Packed) ×10
Match map
Initial resources + every placement click. Lines = walls · curves = elevation contours. ◆ gold · ⬟ stone · ● berries · ✦ relic · ◌ wall gap
Your base· Open — opponent sealed themselves in
yenepu's base· ✓ Closed at 21:58 · 12t walls · no gate
Richard's base· ✓ Closed at 23:58 · 51t walls · 1 gate(s)
斯大林's base· Open — opponent sealed themselves in
Xaegot's base· ✓ Closed at 20:10 · 9t walls · no gate
laodiao-9527's base· Open — opponent sealed themselves in
Piss Dich69's base· ✓ Closed at 18:53 · 41t walls · no gate
阿提拉's base· Open — opponent sealed themselves in
Smoothed initial terrain · ◌ = detected wall gap · hover for details
Inputs per minute
— Kuo_Lo - - yenepu
Build order — Kuo_Lo
First 150 of 422 actions detected
| 0:05 | Build | House |
| 0:05 | Build | House |
| 0:06 | Build | House |
| 0:39 | Build | Palisade Wall |
| 1:37 | Create | Villager (Male) |
| 1:37 | Create | Villager (Male) |
| 1:37 | Create | Villager (Male) |
| 2:13 | Create | Villager (Male) |
| 2:14 | Create | Villager (Male) |
| 3:04 | Build | Outpost |
| 3:17 | Create | Villager (Male) |
| 3:21 | Create | Villager (Male) |
| 4:02 | Create | Villager (Male) |
| 4:19 | Create | Villager (Male) |
| 5:42 | Create | Villager (Male) |
| 5:42 | Create | Villager (Male) |
| 6:33 | Create | Villager (Male) |
| 6:34 | Create | Villager (Male) |
| 7:05 | Create | Villager (Male) |
| 7:27 | Create | Villager (Male) |
| 8:15 | Create | Villager (Male) |
| 8:28 | Build | Mill |
| 8:52 | Create | Villager (Male) |
| 10:00 | Build | Lumber Camp |
| 10:20 | Build | House |
| 10:57 | Research | Feudal Age |
| 11:21 | Create | Villager (Male) |
| 11:22 | Create | Villager (Male) |
| 11:22 | Create | Villager (Male) |
| 12:05 | Build | Mining Camp |
| 13:07 | Age | Feudal Age |
| 13:14 | Create | Villager (Male) |
| 13:14 | Create | Villager (Male) |
| 13:16 | Create | Villager (Male) |
| 13:32 | Build | Blacksmith |
| 14:04 | Research | Double-Bit Axe |
| 14:55 | Build | Market |
| 15:17 | Build | House |
| 16:05 | Build | Mining Camp |
| 16:13 | Research | Castle Age |
| 16:35 | Research | Stone Mining |
| 17:25 | Research | Gold Mining |
| 17:37 | Build | Farm |
| 17:38 | Build | Farm |
| 18:10 | Create | Villager (Male) |
| 18:11 | Create | Villager (Male) |
| 18:11 | Create | Villager (Male) |
| 18:47 | Build | House |
| 18:53 | Age | Castle Age |
| 19:03 | Build | Farm |
| 19:17 | Build | Monastery |
| 19:26 | Research | Bow Saw |
| 19:43 | Create | Villager (Male) |
| 19:45 | Create | Villager (Male) |
| 20:09 | Create | Monk |
| 20:34 | Build | Farm |
| 20:43 | Build | Town Center |
| 20:51 | Create | Villager (Male) |
| 21:32 | Build | Farm |
| 22:03 | Build | Castle |
| 22:23 | Create | Villager (Male) |
| 22:24 | Create | Villager (Male) |
| 22:24 | Create | Villager (Male) |
| 22:32 | Build | Farm |
| 22:33 | Build | Farm |
| 22:35 | Build | Farm |
| 22:45 | Research | Horse Collar |
| 23:25 | Build | Town Center |
| 23:31 | Create | Villager (Male) |
| 23:31 | Create | Villager (Male) |
| 23:41 | Build | Mill |
| 23:47 | Create | Villager (Male) |
| 24:32 | Build | Farm |
| 24:40 | Build | Farm |
| 24:42 | Build | Farm |
| 24:45 | Research | Heavy Plow |
| 24:52 | Create | Villager (Male) |
| 25:11 | Create | Villager (Male) |
| 25:11 | Create | Villager (Male) |
| 25:18 | Create | Villager (Male) |
| 25:18 | Create | Villager (Male) |
| 25:24 | Build | Farm |
| 25:26 | Build | Farm |
| 25:50 | Build | Farm |
| 25:51 | Build | Farm |
| 25:53 | Build | Farm |
| 26:00 | Create | Villager (Male) |
| 26:00 | Create | Villager (Male) |
| 26:02 | Create | Villager (Male) |
| 26:03 | Create | Villager (Male) |
| 26:07 | Build | Farm |
| 26:10 | Build | Farm |
| 26:13 | Build | Farm |
| 26:14 | Build | Farm |
| 26:19 | Build | Farm |
| 26:31 | Build | House |
| 26:36 | Build | House |
| 27:00 | Create | Villager (Male) |
| 27:00 | Create | Villager (Male) |
| 27:00 | Create | Villager (Male) |
| 27:03 | Create | Villager (Male) |
| 27:04 | Create | Villager (Male) |
| 27:04 | Create | Villager (Male) |
| 27:05 | Create | Villager (Male) |
| 27:30 | Build | Farm |
| 27:39 | Build | Farm |
| 27:46 | Build | Farm |
| 28:00 | Build | Farm |
| 28:46 | Create | Villager (Male) |
| 28:46 | Create | Villager (Male) |
| 28:47 | Create | Villager (Male) |
| 28:47 | Create | Villager (Male) |
| 28:48 | Create | Villager (Male) |
| 28:48 | Create | Villager (Male) |
| 28:53 | Create | Villager (Male) |
| 28:53 | Create | Villager (Male) |
| 28:54 | Create | Villager (Male) |
| 29:04 | Build | Town Center |
| 29:23 | Build | Farm |
| 29:30 | Build | Farm |
| 29:39 | Build | Farm |
| 29:50 | Build | University |
| 29:57 | Create | Villager (Male) |
| 29:57 | Create | Villager (Male) |
| 29:58 | Create | Villager (Male) |
| 30:33 | Create | Villager (Male) |
| 30:34 | Create | Villager (Male) |
| 30:35 | Create | Villager (Male) |
| 30:45 | Build | Farm |
| 30:52 | Build | Farm |
| 30:55 | Research | Imperial Age |
| 30:59 | Create | Villager (Male) |
| 31:00 | Create | Villager (Male) |
| 31:00 | Create | Villager (Male) |
| 31:00 | Create | Villager (Male) |
| 31:05 | Research | Scale Mail Armor |
| 31:13 | Create | Trade Cart |
| 31:23 | Build | Farm |
| 31:45 | Build | Barracks |
| 31:47 | Build | Barracks |
| 31:52 | Build | Barracks |
| 31:54 | Build | Barracks |
| 31:55 | Build | Barracks |
| 31:58 | Build | Barracks |
| 32:09 | Research | Forging |
| 32:10 | Research | Chain Mail Armor |
| 32:10 | Research | Forging |
| 32:14 | Create | Villager (Male) |
| 32:14 | Create | Villager (Male) |
| 32:17 | Create | Villager (Male) |
Build order — yenepu
First 150 of 322 actions detected
| 0:07 | Build | House |
| 0:08 | Build | House |
| 0:11 | Research | Loom |
| 0:11 | Create | Villager (Male) ×4 |
| 1:47 | Create | Villager (Male) |
| 1:47 | Create | Villager (Male) |
| 2:03 | Build | House |
| 2:04 | Build | House |
| 3:10 | Create | Villager (Male) |
| 3:10 | Create | Villager (Male) |
| 3:41 | Create | Villager (Male) |
| 4:04 | Create | Villager (Male) |
| 4:36 | Create | Villager (Male) |
| 4:36 | Create | Villager (Male) |
| 4:44 | Build | Lumber Camp |
| 5:01 | Create | Villager (Male) |
| 5:01 | Create | Villager (Male) |
| 5:37 | Create | Villager (Male) |
| 5:38 | Create | Villager (Male) |
| 7:04 | Build | Palisade Wall |
| 9:47 | Create | Villager (Male) |
| 9:47 | Create | Villager (Male) |
| 9:47 | Create | Villager (Male) |
| 9:48 | Create | Villager (Male) |
| 9:48 | Create | Villager (Male) |
| 10:28 | Build | Mill |
| 11:07 | Build | Mill |
| 12:01 | Research | Feudal Age |
| 12:45 | Build | House |
| 12:46 | Build | House |
| 12:47 | Build | House |
| 12:48 | Build | House |
| 12:49 | Build | House |
| 13:00 | Build | Dock |
| 14:10 | Create | Villager (Male) ×5 |
| 14:52 | Build | Mining Camp |
| 15:46 | Research | Horse Collar |
| 15:49 | Research | Double-Bit Axe |
| 15:58 | Create | Villager (Male) ×5 |
| 16:31 | Create | Fishing Ship |
| 16:31 | Create | Fishing Ship |
| 16:32 | Create | Fishing Ship |
| 16:33 | Research | Tech 906 |
| 16:45 | Build | Market |
| 17:01 | Build | Blacksmith |
| 17:14 | Build | Lumber Camp |
| 18:00 | Create | Villager (Male) ×5 |
| 18:32 | Build | Mining Camp |
| 18:38 | Create | Trade Cart ×5 |
| 19:16 | Build | House |
| 19:17 | Build | House |
| 19:18 | Build | House |
| 19:20 | Build | House |
| 19:21 | Build | House |
| 19:29 | Build | House |
| 19:30 | Build | House |
| 20:10 | Create | Fishing Ship |
| 20:24 | Build | Farm |
| 20:25 | Build | Farm |
| 20:26 | Build | Farm |
| 20:27 | Build | Farm |
| 20:28 | Build | Farm |
| 20:36 | Build | Farm |
| 20:37 | Build | Farm |
| 20:38 | Build | Farm |
| 20:40 | Build | Farm |
| 20:41 | Build | Farm |
| 20:42 | Build | Farm |
| 20:44 | Build | Farm |
| 20:45 | Build | Farm |
| 20:46 | Build | Farm |
| 20:46 | Build | Farm |
| 20:48 | Build | Farm |
| 20:51 | Create | Villager (Male) |
| 20:51 | Create | Villager (Male) |
| 20:51 | Create | Villager (Male) |
| 21:58 | Research | Castle Age |
| 22:15 | Create | Trade Cart |
| 22:15 | Create | Trade Cart |
| 23:04 | Research | Wheelbarrow |
| 23:28 | Create | Villager (Male) ×5 |
| 23:38 | Research | Gold Mining |
| 23:49 | Research | Stone Mining |
| 24:11 | Build | Barracks |
| 24:40 | Build | Barracks |
| 25:03 | Build | Town Center |
| 25:08 | Build | Lumber Camp |
| 25:56 | Build | Town Center |
| 26:01 | Build | Mining Camp |
| 26:06 | Research | Caravan |
| 26:14 | Build | Monastery |
| 26:21 | Build | University |
| 26:25 | Research | Gillnets |
| 26:56 | Build | Castle |
| 27:10 | Create | Monk |
| 27:10 | Create | Monk |
| 27:11 | Create | Monk |
| 27:11 | Create | Monk |
| 27:14 | Create | Monk |
| 27:23 | Create | Villager (Male) ×5 |
| 27:30 | Research | Heavy Plow |
| 27:35 | Research | Bow Saw |
| 28:01 | Research | Treadmill Crane |
| 28:25 | Create | Villager (Male) ×5 |
| 28:56 | Research | Ballistics |
| 28:57 | Research | Murder Holes |
| 29:38 | Build | Fish Trap |
| 29:39 | Build | Fish Trap |
| 29:41 | Build | Fish Trap |
| 29:42 | Build | Fish Trap |
| 30:35 | Build | Siege Workshop |
| 30:37 | Build | Siege Workshop |
| 30:43 | Build | Archery Range |
| 30:45 | Build | Archery Range |
| 31:28 | Build | Farm |
| 31:28 | Build | Farm |
| 31:29 | Build | Farm |
| 31:31 | Build | Farm |
| 31:32 | Build | Farm |
| 31:33 | Build | Farm |
| 31:34 | Build | Farm |
| 31:36 | Build | Farm |
| 31:37 | Build | Farm |
| 31:40 | Create | Villager (Male) |
| 31:40 | Create | Villager (Male) |
| 31:41 | Create | Villager (Male) |
| 31:41 | Create | Villager (Male) |
| 31:42 | Create | Villager (Male) |
| 31:42 | Create | Villager (Male) |
| 31:42 | Create | Villager (Male) |
| 31:43 | Create | Villager (Male) |
| 31:56 | Research | Imperial Age |
| 32:05 | Research | Fletching |
| 32:49 | Build | House |
| 32:53 | Build | House |
| 32:54 | Build | House |
| 32:56 | Build | House |
| 32:57 | Build | House |
| 32:58 | Build | House |
| 32:59 | Build | House |
| 33:01 | Build | House |
| 33:02 | Build | House |
| 33:03 | Build | House |
| 33:04 | Build | House |
| 33:05 | Build | House |
| 33:06 | Build | House |
| 33:07 | Build | House |
| 33:09 | Build | House |
| 33:10 | Build | House |
| 33:11 | Build | House |
Build order — Richard
First 150 of 364 actions detected
| 0:03 | Research | Loom |
| 0:03 | Create | Villager (Male) ×4 |
| 0:07 | Build | House |
| 0:08 | Build | House |
| 1:58 | Build | Palisade Wall |
| 2:05 | Create | Villager (Male) |
| 2:49 | Create | Villager (Male) |
| 2:49 | Create | Villager (Male) |
| 3:37 | Build | Mill |
| 3:39 | Create | Villager (Male) |
| 3:39 | Create | Villager (Male) |
| 3:41 | Create | Villager (Male) |
| 4:10 | Create | Villager (Male) |
| 4:37 | Build | House |
| 4:38 | Build | House |
| 5:36 | Create | Villager (Male) |
| 5:37 | Create | Villager (Male) |
| 6:05 | Build | Lumber Camp |
| 6:33 | Create | Villager (Male) |
| 6:51 | Create | Villager (Male) |
| 7:50 | Build | Dock |
| 8:36 | Build | House |
| 8:37 | Build | House |
| 8:39 | Build | House |
| 8:42 | Create | Fishing Ship |
| 9:16 | Research | Feudal Age |
| 9:27 | Create | Fishing Ship |
| 9:27 | Create | Fishing Ship |
| 10:20 | Build | House |
| 10:42 | Create | Villager (Male) |
| 10:42 | Create | Villager (Male) |
| 10:47 | Create | Fishing Ship |
| 11:12 | Create | Fishing Ship |
| 11:26 | Age | Feudal Age |
| 11:46 | Research | Horse Collar |
| 11:49 | Research | Double-Bit Axe |
| 12:01 | Build | Mining Camp |
| 12:08 | Create | Villager (Male) |
| 12:36 | Build | Stone Wall |
| 12:41 | Build | Stone Wall |
| 12:53 | Create | Villager (Male) |
| 12:53 | Create | Villager (Male) |
| 12:53 | Create | Villager (Male) |
| 13:25 | Build | Mining Camp |
| 13:36 | Create | Fishing Ship |
| 13:37 | Research | Tech 906 |
| 13:38 | Create | Fishing Ship |
| 13:56 | Build | Lumber Camp |
| 14:01 | Create | Villager (Male) |
| 14:01 | Create | Villager (Male) |
| 14:12 | Build | House |
| 14:13 | Build | House |
| 14:14 | Build | House |
| 14:15 | Build | House |
| 14:54 | Build | Outpost |
| 15:09 | Create | Villager (Male) |
| 15:09 | Create | Villager (Male) |
| 15:28 | Create | Villager (Male) |
| 15:30 | Create | Villager (Male) |
| 15:32 | Research | Town Watch |
| 16:00 | Build | Mill |
| 16:06 | Build | Fish Trap |
| 16:36 | Build | Market |
| 16:42 | Build | Market |
| 16:44 | Create | Villager (Male) |
| 17:19 | Build | Blacksmith |
| 17:22 | Create | Villager (Male) |
| 17:47 | Build | Stone Wall |
| 17:53 | Build | Gate |
| 17:59 | Build | Fish Trap |
| 18:21 | Build | Fish Trap |
| 18:33 | Build | Fish Trap |
| 18:59 | Build | Lumber Camp |
| 19:32 | Build | Fish Trap |
| 19:48 | Build | Fish Trap |
| 19:52 | Create | Fishing Ship |
| 20:42 | Build | Fish Trap |
| 20:45 | Create | Fishing Ship |
| 21:18 | Research | Castle Age |
| 21:26 | Create | Villager (Male) |
| 21:31 | Build | Fish Trap |
| 22:08 | Create | Villager (Male) |
| 22:15 | Research | Stone Mining |
| 22:33 | Build | Barracks |
| 22:37 | Build | Barracks |
| 22:58 | Research | Gold Mining |
| 23:03 | Research | Fletching |
| 23:03 | Research | Padded Archer Armor |
| 23:46 | Research | Man-at-Arms (upgrade) |
| 23:46 | Research | Arson |
| 23:58 | Age | Castle Age |
| 24:01 | Create | Trade Cart ×5 |
| 24:20 | Build | Lumber Camp |
| 24:28 | Build | Town Center |
| 24:57 | Build | Castle |
| 25:15 | Create | Villager (Male) ×5 |
| 25:19 | Research | Wheelbarrow |
| 25:48 | Build | University |
| 26:05 | Build | Town Center |
| 26:09 | Create | Villager (Male) ×5 |
| 26:27 | Research | Heavy Plow |
| 26:46 | Build | Farm |
| 26:50 | Build | Farm |
| 26:55 | Build | Farm |
| 27:13 | Build | Farm |
| 27:15 | Create | Villager (Male) ×5 |
| 27:21 | Build | Farm |
| 27:28 | Build | Farm |
| 27:38 | Build | Farm |
| 27:45 | Research | Fortified Wall (upgrade) |
| 28:10 | Research | Bow Saw |
| 28:17 | Build | Farm |
| 28:20 | Create | Villager (Male) ×2 |
| 28:46 | Build | Siege Workshop |
| 29:00 | Build | Farm |
| 29:01 | Create | Villager (Male) ×5 |
| 29:34 | Build | Stone Wall |
| 29:37 | Build | Gate |
| 29:43 | Build | Barracks |
| 29:45 | Build | Barracks |
| 29:48 | Create | Mangonel |
| 29:54 | Create | Villager (Male) ×5 |
| 30:03 | Build | Farm |
| 30:06 | Build | Farm |
| 30:11 | Build | Farm |
| 30:16 | Build | Farm |
| 30:21 | Create | Villager (Male) ×5 |
| 30:26 | Build | Farm |
| 30:40 | Research | Gillnets |
| 30:49 | Research | Gambesons |
| 30:55 | Build | Farm |
| 31:00 | Build | Farm |
| 31:08 | Create | Villager (Male) ×4 |
| 31:23 | Create | Trade Cart ×4 |
| 31:40 | Build | Farm |
| 31:44 | Build | Farm |
| 31:50 | Build | Mill |
| 31:51 | Create | Villager (Male) ×5 |
| 31:58 | Build | Archery Range |
| 32:11 | Build | Farm |
| 32:18 | Build | Farm |
| 32:23 | Build | House |
| 32:23 | Build | House |
| 32:24 | Build | House |
| 32:25 | Build | House |
| 32:28 | Build | House |
| 32:30 | Build | House |
| 32:31 | Build | House |
| 32:32 | Build | House |
| 32:33 | Build | House |
Build order — 斯大林
First 150 of 553 actions detected
| 0:01 | Create | Villager (Male) |
| 0:02 | Create | Villager (Male) |
| 0:02 | Create | Villager (Male) |
| 0:04 | Build | House |
| 0:06 | Build | House |
| 0:40 | Create | Villager (Male) |
| 0:40 | Create | Villager (Male) |
| 1:28 | Create | Villager (Male) |
| 1:29 | Create | Villager (Male) |
| 1:44 | Build | Mill |
| 2:42 | Build | Palisade Wall |
| 2:51 | Create | Villager (Male) |
| 2:51 | Create | Villager (Male) |
| 2:51 | Create | Villager (Male) |
| 3:14 | Create | Villager (Male) |
| 3:14 | Create | Villager (Male) |
| 3:14 | Create | Villager (Male) |
| 3:55 | Create | Villager (Male) |
| 3:55 | Create | Villager (Male) |
| 4:08 | Create | Villager (Male) |
| 4:08 | Create | Villager (Male) |
| 4:27 | Create | Villager (Male) |
| 4:41 | Build | House |
| 5:16 | Create | Villager (Male) |
| 5:16 | Create | Villager (Male) |
| 5:31 | Build | House |
| 5:50 | Build | Lumber Camp |
| 6:00 | Create | Villager (Male) |
| 6:00 | Create | Villager (Male) |
| 6:00 | Create | Villager (Male) |
| 6:01 | Create | Villager (Male) |
| 6:24 | Build | Palisade Gate |
| 7:11 | Research | Loom |
| 7:13 | Create | Villager (Male) |
| 7:53 | Create | Villager (Male) |
| 7:53 | Create | Villager (Male) |
| 8:15 | Build | House |
| 9:03 | Build | Mill |
| 9:12 | Create | Villager (Male) |
| 9:12 | Create | Villager (Male) |
| 9:41 | Create | Villager (Male) |
| 10:14 | Build | House |
| 10:21 | Create | Villager (Male) |
| 10:26 | Build | Mining Camp |
| 11:08 | Research | Feudal Age |
| 11:19 | Build | House |
| 11:43 | Create | Villager (Male) |
| 11:43 | Create | Villager (Male) |
| 12:09 | Build | House |
| 12:56 | Build | House |
| 13:18 | Age | Feudal Age |
| 13:35 | Build | Market |
| 13:42 | Build | Blacksmith |
| 13:45 | Create | Villager (Male) |
| 14:34 | Research | Castle Age |
| 14:34 | Research | Castle Age |
| 14:47 | Research | Double-Bit Axe |
| 14:51 | Research | Horse Collar |
| 15:21 | Build | Lumber Camp |
| 16:08 | Create | Villager (Male) |
| 16:08 | Create | Villager (Male) |
| 17:14 | Age | Castle Age |
| 17:17 | Build | Town Center |
| 17:23 | Build | Town Center |
| 17:23 | Create | Villager (Male) |
| 17:23 | Create | Villager (Male) |
| 17:24 | Create | Villager (Male) |
| 17:28 | Research | Bow Saw |
| 17:31 | Research | Heavy Plow |
| 17:43 | Build | Farm |
| 17:44 | Build | Farm |
| 17:54 | Build | Farm |
| 18:20 | Build | Farm |
| 18:34 | Build | Farm |
| 18:36 | Build | Farm |
| 18:51 | Build | Farm |
| 18:52 | Create | Villager (Male) |
| 19:03 | Build | Farm |
| 19:10 | Build | Farm |
| 19:15 | Build | Farm |
| 19:25 | Create | Villager (Male) |
| 19:26 | Create | Villager (Male) |
| 19:32 | Create | Villager (Male) |
| 19:32 | Create | Villager (Male) |
| 19:40 | Build | Farm |
| 19:41 | Create | Villager (Male) |
| 19:48 | Build | Farm |
| 19:49 | Build | Farm |
| 20:01 | Create | Villager (Male) |
| 20:06 | Create | Villager (Male) |
| 20:06 | Create | Villager (Male) |
| 20:09 | Build | Farm |
| 20:12 | Build | Farm |
| 20:15 | Build | Farm |
| 20:26 | Build | Farm |
| 20:29 | Build | Farm |
| 20:29 | Create | Villager (Male) |
| 20:30 | Create | Villager (Male) |
| 20:34 | Create | Villager (Male) |
| 20:35 | Create | Villager (Male) |
| 20:40 | Build | Lumber Camp |
| 20:41 | Create | Villager (Male) |
| 20:41 | Create | Villager (Male) |
| 20:42 | Create | Villager (Male) |
| 20:42 | Create | Villager (Male) |
| 20:55 | Build | Farm |
| 21:00 | Build | Farm |
| 21:00 | Create | Villager (Male) |
| 21:00 | Create | Villager (Male) |
| 21:06 | Create | Villager (Male) |
| 21:07 | Create | Villager (Male) |
| 21:11 | Build | Farm |
| 21:14 | Create | Villager (Male) |
| 21:14 | Create | Villager (Male) |
| 21:21 | Build | Farm |
| 21:30 | Build | Farm |
| 21:30 | Create | Villager (Male) |
| 21:30 | Create | Villager (Male) |
| 21:32 | Create | Villager (Male) |
| 21:57 | Create | Villager (Male) |
| 21:58 | Create | Villager (Male) |
| 21:58 | Create | Villager (Male) |
| 22:02 | Build | Farm |
| 22:02 | Create | Villager (Male) |
| 22:02 | Create | Villager (Male) |
| 22:08 | Create | Villager (Male) |
| 22:08 | Create | Villager (Male) |
| 22:10 | Build | Farm |
| 22:15 | Build | Farm |
| 22:16 | Create | Villager (Male) |
| 22:16 | Create | Villager (Male) |
| 22:26 | Build | Farm |
| 22:26 | Create | Villager (Male) |
| 22:27 | Create | Villager (Male) |
| 22:27 | Create | Villager (Male) |
| 22:31 | Build | Farm |
| 22:31 | Create | Villager (Male) |
| 22:32 | Create | Villager (Male) |
| 22:38 | Build | Farm |
| 22:42 | Create | Villager (Male) |
| 22:45 | Create | Villager (Male) |
| 22:57 | Build | Town Center |
| 23:03 | Create | Villager (Male) |
| 23:03 | Create | Villager (Male) |
| 23:03 | Create | Villager (Male) |
| 23:06 | Build | Farm |
| 23:10 | Build | House |
| 23:11 | Build | House |
| 23:11 | Build | House |
| 23:17 | Research | Wheelbarrow |
Build order — Xaegot
First 150 of 292 actions detected
| 0:12 | Build | House |
| 0:36 | Research | Loom |
| 0:43 | Create | Villager (Male) |
| 1:02 | Create | Villager (Male) |
| 1:31 | Build | Palisade Wall |
| 2:21 | Build | Palisade Wall |
| 2:34 | Create | Villager (Male) |
| 3:13 | Create | Villager (Male) |
| 3:43 | Create | Villager (Male) |
| 4:12 | Create | Villager (Male) |
| 4:18 | Build | House |
| 4:24 | Build | House |
| 4:26 | Build | House |
| 4:45 | Create | Villager (Male) |
| 5:05 | Create | Villager (Male) |
| 5:40 | Create | Villager (Male) |
| 6:27 | Create | Villager (Male) |
| 6:40 | Build | House |
| 6:47 | Build | House |
| 6:54 | Create | Villager (Male) |
| 7:28 | Create | Villager (Male) |
| 7:51 | Build | House |
| 7:57 | Build | House |
| 7:59 | Build | House |
| 8:14 | Build | Lumber Camp |
| 8:16 | Create | Villager (Male) |
| 8:55 | Create | Villager (Male) |
| 9:31 | Create | Villager (Male) |
| 9:52 | Build | House |
| 9:54 | Build | House |
| 10:08 | Create | Villager (Male) |
| 10:23 | Build | Dock |
| 10:32 | Create | Villager (Male) |
| 11:00 | Create | Villager (Male) |
| 11:27 | Create | Villager (Male) |
| 11:39 | Research | Feudal Age |
| 11:54 | Create | Fishing Ship |
| 12:09 | Build | Mill |
| 13:02 | Build | Mining Camp |
| 13:11 | Build | Mill |
| 13:51 | Create | Fishing Ship |
| 13:55 | Age | Feudal Age |
| 14:17 | Create | Villager (Male) |
| 14:34 | Build | Market |
| 14:41 | Create | Villager (Male) |
| 15:06 | Build | Blacksmith |
| 15:14 | Create | Villager (Male) |
| 15:49 | Create | Villager (Male) |
| 16:28 | Research | Double-Bit Axe |
| 16:43 | Create | Villager (Male) |
| 16:58 | Research | Tech 906 |
| 17:45 | Research | Castle Age |
| 17:45 | Research | Castle Age |
| 18:18 | Create | Fishing Ship |
| 18:30 | Research | Horse Collar |
| 20:10 | Age | Castle Age |
| 20:42 | Build | Town Center |
| 20:49 | Research | Heavy Plow |
| 20:51 | Research | Wheelbarrow |
| 20:53 | Create | Villager (Male) |
| 21:07 | Research | Gillnets |
| 21:07 | Research | Gillnets |
| 21:10 | Create | Demolition Raft |
| 22:13 | Build | Town Center |
| 22:27 | Research | Bow Saw |
| 22:34 | Build | Farm |
| 22:36 | Build | Farm |
| 22:37 | Build | Farm |
| 22:38 | Build | Farm |
| 22:41 | Create | Villager (Male) |
| 23:17 | Build | Monastery |
| 23:27 | Create | Villager (Male) |
| 23:32 | Create | Villager (Male) |
| 23:32 | Create | Villager (Male) |
| 23:34 | Create | Villager (Male) |
| 23:57 | Create | Villager (Male) |
| 23:59 | Create | Villager (Male) |
| 24:00 | Create | Villager (Male) |
| 24:11 | Create | Monk |
| 24:17 | Build | University |
| 24:22 | Build | Fish Trap |
| 24:23 | Build | Fish Trap |
| 24:24 | Build | Fish Trap |
| 24:26 | Build | Fish Trap |
| 24:37 | Create | Demolition Raft |
| 24:44 | Build | Farm |
| 24:52 | Create | Villager (Male) |
| 24:58 | Create | Villager (Male) |
| 25:05 | Create | Villager (Male) |
| 25:43 | Build | House |
| 25:44 | Build | House |
| 25:44 | Build | House |
| 25:44 | Build | House |
| 25:45 | Build | House |
| 25:46 | Build | House |
| 25:46 | Build | House |
| 25:46 | Build | House |
| 25:46 | Build | House |
| 25:51 | Create | Villager (Male) |
| 26:21 | Research | Hand Cart |
| 26:21 | Research | Hand Cart |
| 26:28 | Build | Farm |
| 26:42 | Build | Farm |
| 26:45 | Build | Farm |
| 26:46 | Build | Farm |
| 26:48 | Build | Farm |
| 26:51 | Build | Farm |
| 26:55 | Build | Farm |
| 26:59 | Create | Villager (Male) |
| 27:06 | Create | Villager (Male) |
| 27:06 | Create | Villager (Male) |
| 27:12 | Create | Villager (Male) |
| 27:46 | Build | Farm |
| 27:47 | Create | Villager (Male) |
| 27:48 | Create | Villager (Male) |
| 27:52 | Create | Villager (Male) |
| 27:57 | Create | Villager (Male) |
| 28:14 | Research | Fervor |
| 28:22 | Build | Farm |
| 28:26 | Create | Villager (Male) |
| 28:30 | Create | Villager (Male) |
| 28:38 | Create | Villager (Male) |
| 28:40 | Create | Villager (Male) |
| 28:49 | Build | Farm |
| 28:53 | Create | Villager (Male) |
| 28:57 | Create | Villager (Male) |
| 29:06 | Build | Farm |
| 29:13 | Build | Barracks |
| 29:20 | Build | House |
| 29:20 | Build | House |
| 29:21 | Build | House |
| 29:21 | Build | House |
| 29:22 | Build | House |
| 29:22 | Build | House |
| 29:23 | Build | House |
| 29:23 | Build | House |
| 29:23 | Build | House |
| 29:32 | Build | Farm |
| 29:36 | Create | Villager (Male) |
| 29:43 | Create | Villager (Male) |
| 29:47 | Build | Farm |
| 29:49 | Create | Villager (Male) |
| 30:11 | Build | Market |
| 30:23 | Build | Stable |
| 30:25 | Build | Stable |
| 30:26 | Build | Stable |
| 30:28 | Build | Stable |
| 30:29 | Build | Stable |
| 30:31 | Build | Stable |
| 30:33 | Build | Stable |
Build order — laodiao-9527
First 150 of 380 actions detected
| 0:10 | Build | House |
| 0:11 | Build | House |
| 0:12 | Build | House |
| 0:14 | Build | House |
| 0:17 | Create | Villager (Male) |
| 0:17 | Create | Villager (Male) |
| 0:17 | Create | Villager (Male) |
| 0:17 | Create | Villager (Male) |
| 0:18 | Create | Villager (Male) |
| 1:35 | Build | Palisade Wall |
| 2:00 | Create | Villager (Male) |
| 2:00 | Create | Villager (Male) |
| 2:22 | Create | Villager (Male) |
| 2:22 | Create | Villager (Male) |
| 2:56 | Create | Villager (Male) |
| 3:22 | Create | Villager (Male) |
| 3:43 | Build | House |
| 3:54 | Create | Villager (Male) |
| 3:59 | Create | Villager (Male) |
| 3:59 | Create | Villager (Male) |
| 4:14 | Build | House |
| 4:26 | Build | House |
| 4:35 | Create | Villager (Male) |
| 5:00 | Build | House |
| 5:18 | Create | Villager (Male) |
| 5:20 | Research | Loom |
| 5:46 | Build | House |
| 6:13 | Create | Villager (Male) |
| 6:13 | Create | Villager (Male) |
| 6:54 | Build | House |
| 7:03 | Create | Villager (Male) |
| 7:14 | Build | Mill |
| 7:23 | Create | Villager (Male) |
| 7:33 | Build | House |
| 7:35 | Build | House |
| 7:38 | Build | House |
| 7:43 | Build | House |
| 7:56 | Build | House |
| 8:02 | Create | Villager (Male) |
| 8:06 | Create | Villager (Male) |
| 8:07 | Create | Villager (Male) |
| 8:07 | Create | Villager (Male) |
| 8:08 | Create | Villager (Male) |
| 8:09 | Create | Villager (Male) |
| 9:02 | Build | Farm |
| 9:13 | Build | House |
| 9:21 | Build | Farm |
| 10:06 | Build | Lumber Camp |
| 10:21 | Create | Villager (Male) |
| 10:39 | Research | Feudal Age |
| 11:48 | Build | Farm |
| 11:53 | Build | Farm |
| 12:30 | Create | Villager (Male) |
| 12:56 | Age | Feudal Age |
| 12:56 | Research | Double-Bit Axe |
| 12:57 | Research | Horse Collar |
| 13:04 | Build | Mining Camp |
| 13:26 | Research | Wheelbarrow |
| 13:27 | Create | Villager (Male) |
| 15:07 | Create | Villager (Male) |
| 15:09 | Build | Farm |
| 15:32 | Create | Villager (Male) |
| 15:34 | Build | Farm |
| 15:51 | Create | Villager (Male) |
| 15:59 | Build | Farm |
| 16:19 | Create | Villager (Male) |
| 16:25 | Build | Farm |
| 16:42 | Create | Villager (Male) |
| 16:50 | Build | Farm |
| 16:58 | Build | Farm |
| 17:02 | Build | Farm |
| 17:08 | Create | Villager (Male) |
| 17:15 | Build | Farm |
| 17:35 | Create | Villager (Male) |
| 17:41 | Build | Farm |
| 18:03 | Research | Castle Age |
| 18:07 | Build | Farm |
| 18:19 | Build | Mining Camp |
| 18:35 | Build | Blacksmith |
| 18:38 | Build | Stable |
| 19:08 | Build | Market |
| 19:11 | Build | Market |
| 19:19 | Build | Mining Camp |
| 19:43 | Research | Stone Mining |
| 19:46 | Research | Gold Mining |
| 20:26 | Create | Villager (Male) |
| 20:43 | Age | Castle Age |
| 20:44 | Research | Bow Saw |
| 20:45 | Research | Heavy Plow |
| 20:46 | Research | Stone Shaft Mining |
| 20:48 | Research | Gold Shaft Mining |
| 21:03 | Build | Town Center |
| 21:24 | Build | Farm |
| 21:33 | Create | Villager (Male) |
| 21:35 | Create | Villager (Male) |
| 22:06 | Build | Farm |
| 22:23 | Research | Caravan |
| 22:37 | Build | Town Center |
| 22:43 | Create | Villager (Male) |
| 22:43 | Create | Villager (Male) |
| 22:43 | Create | Villager (Male) |
| 22:43 | Create | Villager (Male) |
| 23:08 | Build | Lumber Camp |
| 23:31 | Create | Villager (Male) |
| 23:34 | Create | Villager (Male) |
| 23:34 | Create | Villager (Male) |
| 23:34 | Create | Villager (Male) |
| 24:04 | Build | Monastery |
| 24:17 | Create | Villager (Male) |
| 24:18 | Create | Villager (Male) |
| 24:30 | Build | Farm |
| 24:50 | Research | Bloodlines |
| 24:50 | Research | Husbandry |
| 24:56 | Build | Farm |
| 24:59 | Create | Villager (Male) |
| 25:00 | Create | Villager (Male) |
| 25:00 | Create | Villager (Male) |
| 25:00 | Create | Villager (Male) |
| 25:01 | Create | Villager (Male) |
| 25:02 | Create | Villager (Male) |
| 25:02 | Create | Villager (Male) |
| 25:02 | Create | Villager (Male) |
| 25:03 | Create | Villager (Male) |
| 25:05 | Create | Villager (Male) |
| 25:05 | Create | Villager (Male) |
| 25:12 | Create | Monk |
| 25:30 | Build | Farm |
| 25:48 | Build | Castle |
| 25:58 | Build | Castle |
| 26:01 | Build | Farm |
| 26:07 | Create | Villager (Male) |
| 26:07 | Create | Villager (Male) |
| 26:08 | Create | Villager (Male) |
| 26:08 | Create | Villager (Male) |
| 26:09 | Create | Villager (Male) |
| 26:24 | Build | Farm |
| 26:32 | Research | Hand Cart |
| 26:36 | Create | Villager (Male) |
| 26:36 | Create | Villager (Male) |
| 26:47 | Build | Farm |
| 27:11 | Create | Trade Cart ×5 |
| 27:20 | Build | Farm |
| 27:21 | Create | Villager (Male) |
| 27:21 | Create | Villager (Male) |
| 27:52 | Build | Farm |
| 27:55 | Create | Villager (Male) |
| 27:56 | Create | Villager (Male) |
| 28:00 | Research | Forging |
| 28:00 | Research | Scale Barding Armor |
| 28:04 | Build | Farm |
Build order — Piss Dich69
First 150 of 419 actions detected
| 0:01 | Create | Villager (Male) ×4 |
| 0:02 | Build | House |
| 0:04 | Build | House |
| 0:58 | Build | Palisade Wall |
| 1:42 | Create | Villager (Male) |
| 2:17 | Build | Palisade Wall |
| 2:20 | Create | Villager (Male) |
| 2:38 | Create | Villager (Male) |
| 3:03 | Create | Villager (Male) |
| 3:25 | Create | Villager (Male) |
| 3:56 | Create | Villager (Male) |
| 4:46 | Create | Villager (Male) |
| 4:53 | Build | House |
| 5:07 | Create | Villager (Male) |
| 5:24 | Build | House |
| 5:39 | Build | Palisade Wall |
| 5:47 | Create | Villager (Male) |
| 5:49 | Create | Villager (Male) |
| 6:00 | Build | House |
| 6:20 | Build | Lumber Camp |
| 6:31 | Build | Mill |
| 6:53 | Create | Villager (Male) |
| 7:15 | Create | Villager (Male) |
| 7:44 | Create | Villager (Male) |
| 8:16 | Research | Feudal Age |
| 8:33 | Build | Palisade Wall |
| 9:33 | Create | Villager (Male) |
| 9:34 | Create | Villager (Male) |
| 10:14 | Build | House |
| 10:26 | Age | Feudal Age |
| 10:46 | Build | Stone Wall |
| 10:54 | Build | Mining Camp |
| 10:54 | Research | Double-Bit Axe |
| 10:58 | Create | Villager (Male) |
| 11:28 | Build | House |
| 11:39 | Create | Villager (Male) |
| 12:00 | Build | Stone Wall |
| 12:04 | Create | Villager (Male) |
| 12:09 | Build | Farm |
| 12:10 | Build | Farm |
| 12:17 | Build | Farm |
| 12:20 | Build | Farm |
| 12:27 | Create | Villager (Male) |
| 12:53 | Create | Villager (Male) |
| 13:05 | Build | Farm |
| 13:15 | Create | Villager (Male) |
| 13:22 | Build | Farm |
| 13:25 | Build | Farm |
| 13:44 | Create | Villager (Male) |
| 13:55 | Build | Farm |
| 13:55 | Build | Farm |
| 13:56 | Build | Farm |
| 13:56 | Build | Farm |
| 13:57 | Build | Farm |
| 13:57 | Build | Farm |
| 14:11 | Create | Villager (Male) |
| 14:17 | Build | House |
| 14:31 | Create | Villager (Male) |
| 14:38 | Build | Farm |
| 14:49 | Build | House |
| 14:58 | Build | Market |
| 15:04 | Create | Villager (Male) |
| 15:18 | Build | Stone Wall |
| 15:26 | Create | Villager (Male) |
| 15:31 | Build | Farm |
| 15:46 | Build | Blacksmith |
| 16:13 | Research | Castle Age |
| 16:38 | Research | Horse Collar |
| 17:22 | Build | Stone Wall |
| 17:27 | Research | Gold Mining |
| 18:02 | Build | House |
| 18:28 | Create | Villager (Male) |
| 18:28 | Create | Villager (Male) |
| 18:38 | Build | House |
| 18:53 | Age | Castle Age |
| 18:56 | Build | Town Center |
| 18:59 | Research | Bow Saw |
| 19:14 | Build | Monastery |
| 19:26 | Create | Villager (Male) |
| 19:36 | Build | Mining Camp |
| 19:52 | Create | Villager (Male) |
| 19:59 | Create | Villager (Male) |
| 19:59 | Create | Villager (Male) |
| 20:02 | Research | Stone Mining |
| 20:11 | Build | Barracks |
| 20:12 | Create | Monk |
| 20:15 | Create | Villager (Male) |
| 20:30 | Create | Villager (Male) |
| 20:48 | Create | Villager (Male) |
| 20:48 | Create | Villager (Male) |
| 21:09 | Build | Farm |
| 21:20 | Create | Villager (Male) |
| 21:20 | Create | Villager (Male) |
| 21:20 | Create | Villager (Male) |
| 21:34 | Build | Town Center |
| 21:59 | Build | Stone Wall |
| 22:13 | Build | Stable |
| 22:16 | Create | Villager (Male) |
| 22:17 | Create | Villager (Male) |
| 22:19 | Create | Villager (Male) |
| 22:25 | Build | Farm |
| 22:36 | Create | Villager (Male) |
| 22:50 | Create | Villager (Male) |
| 23:08 | Build | Archery Range |
| 23:12 | Create | Villager (Male) |
| 23:12 | Create | Villager (Male) |
| 23:18 | Build | Farm |
| 23:27 | Build | Farm |
| 23:29 | Create | Villager (Male) |
| 23:31 | Create | Villager (Male) |
| 23:31 | Create | Villager (Male) |
| 23:49 | Create | Villager (Male) |
| 23:50 | Create | Villager (Male) |
| 24:10 | Create | Villager (Male) |
| 24:12 | Research | Wheelbarrow |
| 24:20 | Build | Barracks |
| 24:22 | Research | Squires |
| 24:29 | Research | Husbandry |
| 24:32 | Create | Villager (Male) |
| 24:33 | Create | Villager (Male) |
| 24:34 | Create | Villager (Male) |
| 24:34 | Create | Villager (Male) |
| 24:48 | Build | Farm |
| 24:48 | Build | Farm |
| 24:48 | Build | Farm |
| 24:52 | Build | Farm |
| 24:57 | Build | Farm |
| 25:06 | Build | House |
| 25:07 | Build | House |
| 25:12 | Build | House |
| 25:13 | Build | House |
| 25:13 | Build | House |
| 25:18 | Build | House |
| 25:19 | Create | Villager (Male) |
| 25:19 | Create | Villager (Male) |
| 25:20 | Create | Villager (Male) |
| 25:35 | Build | Farm |
| 25:42 | Create | Villager (Male) |
| 25:43 | Create | Villager (Male) |
| 25:43 | Create | Villager (Male) |
| 25:52 | Research | Arson |
| 25:56 | Build | Farm |
| 25:58 | Create | Villager (Male) |
| 25:59 | Create | Villager (Male) |
| 26:10 | Build | University |
| 26:14 | Build | Farm |
| 26:19 | Create | Villager (Male) |
| 26:19 | Create | Villager (Male) |
| 26:19 | Create | Villager (Male) |
| 26:25 | Build | Farm |
Build order — 阿提拉
First 150 of 375 actions detected
| 0:01 | Create | Villager (Male) |
| 0:01 | Create | Villager (Male) |
| 0:02 | Create | Villager (Male) |
| 0:07 | Build | House |
| 0:10 | Build | House |
| 1:00 | Create | Villager (Male) |
| 1:00 | Create | Villager (Male) |
| 2:00 | Build | Lumber Camp |
| 2:04 | Create | Villager (Male) |
| 2:04 | Create | Villager (Male) |
| 3:15 | Create | Villager (Male) ×3 |
| 3:15 | Create | Villager (Male) ×3 |
| 3:58 | Create | Villager (Male) ×2 |
| 4:20 | Build | Mill |
| 4:37 | Create | Villager (Male) ×2 |
| 4:38 | Create | Villager (Male) ×2 |
| 4:46 | Build | House |
| 6:24 | Create | Villager (Male) ×2 |
| 6:24 | Create | Villager (Male) ×2 |
| 6:54 | Create | Villager (Male) |
| 6:54 | Create | Villager (Male) |
| 7:07 | Build | House |
| 8:12 | Create | Villager (Male) ×5 |
| 8:12 | Create | Villager (Male) ×5 |
| 8:13 | Create | Villager (Male) |
| 8:48 | Create | Villager (Male) |
| 8:48 | Create | Villager (Male) |
| 9:49 | Build | House |
| 10:47 | Research | Feudal Age |
| 10:48 | Create | Villager (Male) |
| 10:48 | Create | Villager (Male) |
| 10:58 | Create | Villager (Male) |
| 10:58 | Research | Feudal Age |
| 11:28 | Build | Mining Camp |
| 12:02 | Create | Villager (Male) ×4 |
| 13:09 | Build | Farm |
| 13:10 | Build | Farm |
| 13:14 | Build | Farm |
| 13:16 | Build | Farm |
| 13:46 | Build | Mill |
| 13:57 | Build | Farm |
| 13:57 | Build | Farm |
| 13:57 | Build | Farm |
| 13:58 | Build | Farm |
| 13:58 | Build | Farm |
| 13:58 | Build | Farm |
| 13:59 | Build | Farm |
| 14:32 | Age | Feudal Age |
| 14:43 | Build | Market |
| 14:50 | Build | Blacksmith |
| 15:30 | Build | House |
| 15:43 | Research | Castle Age |
| 15:47 | Create | Villager (Male) |
| 16:15 | Research | Horse Collar |
| 16:25 | Research | Double-Bit Axe |
| 17:05 | Build | House |
| 17:58 | Build | Palisade Wall |
| 18:16 | Build | Palisade Wall |
| 18:25 | Age | Castle Age |
| 18:41 | Build | Town Center |
| 19:31 | Build | Palisade Wall |
| 19:33 | Build | Palisade Wall |
| 19:43 | Build | House |
| 19:43 | Build | House |
| 19:44 | Build | House |
| 19:48 | Research | Wheelbarrow |
| 19:49 | Create | Villager (Male) ×5 |
| 19:49 | Create | Villager (Male) ×5 |
| 19:50 | Create | Villager (Male) ×5 |
| 19:50 | Create | Villager (Male) ×4 |
| 20:15 | Research | Bow Saw |
| 20:21 | Research | Heavy Plow |
| 20:47 | Create | Villager (Male) |
| 20:48 | Create | Villager (Male) |
| 20:48 | Create | Villager (Male) |
| 21:06 | Research | Hand Cart |
| 21:31 | Create | Villager (Male) |
| 21:32 | Create | Villager (Male) |
| 21:32 | Create | Villager (Male) |
| 21:33 | Create | Villager (Male) |
| 21:33 | Create | Villager (Male) |
| 21:33 | Create | Villager (Male) |
| 21:34 | Create | Villager (Male) |
| 21:34 | Create | Villager (Male) |
| 21:34 | Create | Villager (Male) |
| 21:35 | Create | Villager (Male) |
| 21:47 | Build | Town Center |
| 22:24 | Build | Farm |
| 22:35 | Create | Villager (Male) |
| 22:35 | Create | Villager (Male) |
| 22:36 | Create | Villager (Male) |
| 22:36 | Create | Villager (Male) |
| 22:37 | Create | Villager (Male) |
| 22:53 | Create | Villager (Male) |
| 22:53 | Create | Villager (Male) |
| 22:53 | Create | Villager (Male) |
| 23:06 | Build | Farm |
| 23:07 | Build | Farm |
| 23:07 | Build | Farm |
| 23:08 | Build | Farm |
| 23:10 | Build | Farm |
| 23:22 | Build | Farm |
| 23:23 | Build | Farm |
| 23:33 | Create | Villager (Male) |
| 23:33 | Create | Villager (Male) |
| 23:33 | Create | Villager (Male) |
| 23:34 | Create | Villager (Male) |
| 23:34 | Create | Villager (Male) |
| 24:01 | Create | Villager (Male) |
| 24:01 | Create | Villager (Male) |
| 24:02 | Create | Villager (Male) |
| 24:02 | Create | Villager (Male) |
| 24:12 | Build | Farm |
| 24:15 | Build | Farm |
| 24:23 | Create | Villager (Male) |
| 24:23 | Create | Villager (Male) |
| 24:40 | Create | Trade Cart ×4 |
| 24:40 | Create | Trade Cart ×4 |
| 25:15 | Build | Mining Camp |
| 25:22 | Research | Stone Mining |
| 25:24 | Research | Gold Mining |
| 25:49 | Build | House |
| 25:51 | Build | House |
| 26:30 | Create | Villager (Male) |
| 26:31 | Create | Villager (Male) |
| 26:31 | Create | Villager (Male) |
| 26:32 | Create | Villager (Male) |
| 26:32 | Create | Villager (Male) |
| 26:32 | Create | Villager (Male) |
| 26:33 | Create | Villager (Male) |
| 26:33 | Create | Villager (Male) |
| 26:33 | Create | Villager (Male) |
| 26:34 | Create | Villager (Male) |
| 26:34 | Create | Villager (Male) |
| 26:34 | Create | Villager (Male) |
| 26:35 | Create | Villager (Male) |
| 26:35 | Create | Villager (Male) |
| 26:36 | Create | Villager (Male) |
| 26:36 | Create | Villager (Male) |
| 26:36 | Create | Villager (Male) |
| 26:37 | Create | Villager (Male) |
| 26:37 | Create | Villager (Male) |
| 26:52 | Build | Farm |
| 27:05 | Build | Farm |
| 27:22 | Build | House |
| 27:22 | Build | House |
| 27:23 | Build | House |
| 27:23 | Build | House |
| 27:24 | Build | House |
| 27:41 | Build | Lumber Camp |
Match timeline
| 0:39 | Kuo_Lo · wall_segment Palisade Wall x11 |
| 0:58 | Piss Dich69 · wall_segment Palisade Wall x7 |
| 1:31 | Xaegot · wall_segment Palisade Wall x2 |
| 1:35 | laodiao-9527 · wall_segment Palisade Wall x9 |
| 1:58 | Richard · wall_segment Palisade Wall x12 |
| 2:17 | Piss Dich69 · wall_segment Palisade Wall x8 |
| 2:21 | Xaegot · wall_segment Palisade Wall x7 |
| 2:42 | 斯大林 · wall_segment Palisade Wall x15 |
| 5:39 | Piss Dich69 · wall_segment Palisade Wall x1 |
| 7:04 | yenepu · wall_segment Palisade Wall x12 |
| 7:50 | Richard · first_building Dock |
| 8:33 | Piss Dich69 · wall_segment Palisade Wall x7 |
| 10:23 | Xaegot · first_building Dock |
| 10:26 | Piss Dich69 · age_up feudal |
| 10:46 | Piss Dich69 · wall_segment Stone Wall x6 |
| 11:26 | Richard · age_up feudal |
| 12:00 | Piss Dich69 · wall_segment Stone Wall x8 |
| 12:36 | Richard · wall_segment Stone Wall x4 |
| 12:41 | Richard · wall_segment Stone Wall x11 |
| 12:56 | laodiao-9527 · age_up feudal |
| 13:00 | yenepu · first_building Dock |
| 13:07 | Kuo_Lo · age_up feudal |
| 13:18 | 斯大林 · age_up feudal |
| 13:55 | Xaegot · age_up feudal |
| 14:32 | 阿提拉 · age_up feudal |
| 15:18 | Piss Dich69 · wall_segment Stone Wall x4 |
| 17:14 | 斯大林 · age_up castle |
| 17:22 | Piss Dich69 · wall_segment Stone Wall x1 |
| 17:47 | Richard · wall_segment Stone Wall x24 |
| 17:58 | 阿提拉 · wall_segment Palisade Wall x12 |
| 18:16 | 阿提拉 · wall_segment Palisade Wall x6 |
| 18:25 | 阿提拉 · age_up castle |
| 18:38 | laodiao-9527 · first_building Stable |
| 18:53 | Kuo_Lo · age_up castle |
| 18:53 | Piss Dich69 · age_up castle |
| 19:14 | Piss Dich69 · first_building Monastery |
| 19:17 | Kuo_Lo · first_building Monastery |
| 19:31 | 阿提拉 · wall_segment Palisade Wall x7 |
| 19:33 | 阿提拉 · wall_segment Palisade Wall x1 |
| 20:10 | Xaegot · age_up castle |
| 20:11 | Piss Dich69 · first_building Barracks |
| 20:43 | laodiao-9527 · age_up castle |
| 21:59 | Piss Dich69 · wall_segment Stone Wall x1 |
| 22:03 | Kuo_Lo · first_building Castle |
| 22:13 | Piss Dich69 · first_building Stable |
| 22:33 | Richard · first_building Barracks |
| 23:08 | Piss Dich69 · first_building Archery Range |
| 23:17 | Xaegot · first_building Monastery |
| 23:58 | Richard · age_up castle |
| 24:04 | laodiao-9527 · first_building Monastery |
| 24:11 | yenepu · first_building Barracks |
| 24:57 | Richard · first_building Castle |
| 25:48 | laodiao-9527 · first_building Castle |
| 26:14 | yenepu · first_building Monastery |
| 26:40 | 斯大林 · first_building Monastery |
| 26:56 | yenepu · first_building Castle |
| 27:02 | Piss Dich69 · first_building Castle |
| 28:33 | Piss Dich69 · first_market_buy 100 food |
| 28:46 | Richard · first_building Siege Workshop |
| 29:13 | Xaegot · first_building Barracks |
| 29:34 | Richard · wall_segment Stone Wall x14 |
| 29:50 | 阿提拉 · first_building Barracks |
| 30:04 | 斯大林 · first_building Barracks |
| 30:23 | Xaegot · first_building Stable |
| 30:35 | yenepu · first_building Siege Workshop |
| 30:43 | yenepu · first_building Archery Range |
| 31:01 | Xaegot · first_building Castle |
| 31:27 | 斯大林 · age_up imperial |
| 31:36 | Xaegot · first_market_buy 100 food |
| 31:40 | Xaegot · first_market_sell 100 wood |
| 31:42 | 斯大林 · first_building Siege Workshop |
| 31:45 | Kuo_Lo · first_building Barracks |
| 31:58 | Richard · first_building Archery Range |
| 32:15 | 阿提拉 · first_building Castle |
| 32:24 | Piss Dich69 · age_up imperial |
| 32:33 | Xaegot · wall_segment Stone Wall x18 |
| 33:02 | 斯大林 · first_building Castle |
| 34:08 | Kuo_Lo · age_up imperial |
| 34:30 | Xaegot · age_up imperial |
| 34:43 | yenepu · wall_segment Stone Wall x16 |
| 35:31 | laodiao-9527 · age_up imperial |
| 36:30 | Xaegot · first_building Siege Workshop |
| 37:47 | 阿提拉 · age_up imperial |
| 39:00 | 阿提拉 · first_building Siege Workshop |
| 39:49 | 阿提拉 · first_building Stable |
| 40:20 | yenepu · wall_segment Stone Wall x17 |
| 41:04 | Richard · age_up imperial |
| 42:39 | Piss Dich69 · first_building Siege Workshop |
| 47:52 | Richard · first_building Monastery |
| 50:30 | yenepu · wall_segment Stone Wall x9 |
| 51:04 | laodiao-9527 · wall_segment Stone Wall x9 |
| 53:36 | laodiao-9527 · wall_segment Stone Wall x11 |
| 55:15 | Xaegot · wall_segment Stone Wall x8 |
| 56:24 | Piss Dich69 · first_market_sell 100 stone |
| 57:27 | Xaegot · resign |
| 66:34 | yenepu · wall_segment Stone Wall x8 |
[ AI ANALYSIS · 1 CREDIT ]
What really happened in this match?
Wolo.gg analyzes every decision: build order, eco, micro, common mistakes by bracket. Personalized analysis on WhatsApp or Discord in 30 seconds.
Civ guide
Goths
Perfil
Jugador #25438662